 Dungeon Crawl Stone Soup version 0.28.0-53-g5a82cb258f (webtiles) character file.

Game seed: 13522809558510135675

123 doricub5 the Skirmisher (level 4, 0/42 HPs)
             Began as a Minotaur Fighter on July 19, 2022.
             Slain by a rat (3 damage)
             ... on level 3 of the Dungeon.
             The game lasted 00:08:30 (1790 turns).

doricub5 the Skirmisher (Minotaur Fighter)          Turns: 1790, Time: 00:08:31

Health: 0/42       AC: 11    Str: 23    XL:     4   Next: 79%
Magic:  3/3        EV:  6    Int:  5    God:
Gold:   90         SH:  4    Dex:  9    Spells: 3/3 levels left

rFire   + . .      SeeInvis .   p - +2 spear (distort)
rCold   . . .      Faith    .   c - +0 buckler
rNeg    . . .      Spirit   .   s - +0 plate armour
rPois   .          Reflect  .   (helmet restricted)
rElec   .          Harm     .   (no cloak)
rCorr   .          Rampage  .   (no gloves)
Will    .....                   (no boots)
Stlth   ..........              (no amulet)
HPRegen 0.14/turn               t - +4 ring of protection
MPRegen 0.08/turn               (no ring)

@: no status effects
A: horns 2, retaliatory headbutt, deformed body, fire resistance 1
a: no special abilities


You were on level 3 of the Dungeon.
You visited 1 branch of the dungeon, and saw 3 of its levels.

You collected 90 gold pieces.

Inventory:

Hand Weapons
 a - a +0 long sword
 e - a +1 mace of protection
 p - a +2 spear of distortion (weapon)
Missiles
 h - 4 javelins (quivered)
Armour
 c - a +0 buckler (worn)
 s - a +0 plate armour (worn)
Jewellery
 t - a +4 ring of protection (left hand)
Scrolls
 g - a scroll of fog {unknown}
 i - a scroll of enchant weapon {unknown}
 j - 2 scrolls of teleportation
 l - a scroll of magic mapping {unknown}
 n - 2 scrolls of vulnerability {unknown}
 r - a scroll of immolation {unknown}
Potions
 b - a potion of mutation
 d - a potion of might
 f - 5 potions of curing
 k - a potion of heal wounds {unknown}
 m - a potion of brilliance {unknown}
 o - a potion of invisibility {unknown}
 q - a potion of haste {unknown}


   Skills:
 * Level 5.4 Fighting
 - Level 2.4 Long Blades
 + Level 4.5 Armour
 + Level 4.5 Shields


You had 3 spell levels left.
You didn't know any spells.
Your spell library contained the following spells:

 Spells                   Type           Power      Damage    Failure   Level
 Sting                    Tmut/Pois      0%         1d3       100%        1
 Poisonous Vapours        Pois/Air       0%         N/A       100%        2
 Olgreb's Toxic Radiance  Pois           0%         N/A       100%        4


Dungeon Overview and Level Annotations

Branches:
Dungeon (3/15)

Altars:


Innate Abilities, Weirdness & Mutations

You have a pair of horns on your head.
You reflexively headbutt those who attack you in melee.
Armour fits poorly on your strangely shaped body.
Your flesh is heat resistant. (rF+)


Message History

Something hits you but does no damage.
You hit the orc priest. Your headbutt misses the orc priest.
The orc priest is lightly wounded.
The orc priest invokes the aid of Beogh against you.
Beogh smites you! Something hits you but does no damage.
The orc priest hits you but does no damage.
You closely miss the orc priest.
The orc priest is lightly wounded.
Something hits you but does no damage.
The orc priest hits you but does no damage.
You closely miss the orc priest.
The orc priest is lightly wounded.
Something hits you.
The orc priest hits you but does no damage.
You hear some strange, mumbled words.
Something tries to affect you, but you resist.
You hit the orc priest but do no damage.
Space warps around the orc priest.
You headbutt the orc priest.
The orc priest is heavily wounded.
The orc priest hits you with a +0 whip.
* * * LOW HITPOINT WARNING * * *
Something hits you.
* * * LOW HITPOINT WARNING * * *
You hit the orc priest but do no damage.
Space warps horribly around the orc priest!
You kill the orc priest!
You hear some strange, mumbled words.
A puff of flame appears from out of thin air!
The puff of flame hits you.
* * * LOW HITPOINT WARNING * * *
Your Fighting skill increases to level 5!
You barely miss something. Something hits you but does no damage.
It was a potion of mutation.
You feel extremely strange.
Your body twists and deforms.
You feel resistant to heat. You block something's attack.
You hit something.
Space warps horribly around something!!
Reactivating autopickup.
You feel a bit more experienced.
You completely miss the rat. The rat bites you.
You die...

####+####
####.####...
.......^..#
####.###### #.# o. #
#.# #########.....#
#.# #.............
#.# #.#.).#####.#
####.#.#†....))r@).#
...#.#........######
.#.#.#####†####
.#.#.# #.# .#.#.#
#.# .#.#.# #.#
...#.# #.# ...#.#
#.# #..#.# #.#


You could see a rat.

Vanquished Creatures
  An orc priest (D:3)
  An orc wizard (D:3)
  A worm (D:3)
  5 orcs (D:3)
  5 endoplasms
  4 giant cockroaches
  5 goblins
  9 hobgoblins
  2 jackals (D:1)
  3 quokkas
  6 ball pythons
  3 bats
  3 frilled lizards (D:3)
  A kobold (D:1)
  3 rats
52 creatures vanquished.

Notes
Turn   | Place    | Note
-------+----------+-------------------------------------------
     0 | D:1      | doricub5 the Minotaur Fighter began the quest for the Orb.
     0 | D:1      | Reached XP level 1. HP: 19/19 MP: 0/0
   366 | D:1      | Reached skill level 4 in Fighting
   366 | D:1      | Reached XP level 2. HP: 27/27 MP: 1/1
   382 | D:1      | Found a faded altar of an unknown god.
   699 | D:1      | You fall into a shaft and drop 1 floor!
  1310 | D:3      | Reached XP level 3. HP: 34/34 MP: 2/2
  1772 | D:3      | Reached XP level 4. HP: 36/41 MP: 3/3
  1787 | D:3      | Reached skill level 5 in Fighting
  1788 | D:3      | Gained mutation: Armour fits poorly on your strangely
                  | shaped body. [potion of mutation]
  1788 | D:3      | Gained mutation: Your flesh is heat resistant. (rF+)
                  | [potion of mutation]
  1790 | D:3      | Slain by a rat

Illustrated notes

Levels and vault maps discovered:
D:1:      dpeg_arrival_lava_temple_mockup, layout_basic,
          hellmonk_ecumenical_altar_lost_god, minivault_5,
          hangedman_decor_lopped
D:2:      layout_rooms, supply_closet_lemuel
D:3:      layout_basic, minmay_fountain_box, st_stairs_2

Skill      XL: |  1  2  3  4 |
---------------+-------------+-----
Fighting       | 4 5 |  5.4
Armour         | 4 |  4.5
Shields        | 4 |  4.5
Long Blades    | |  2.4

Action                   |  1- 3 |  4- 6 || total
-------------------------+-------+-------++-------
Melee: Mace              |    34 |       ||    34
       Headbutt          |     8 |     2 ||    10
       Spear             |    66 |    18 ||    84
  Use: Scroll            |     2 |       ||     2
       Potion            |       |     1 ||     1
Armor: Scale mail        |    19 |       ||    19
       Plate armour      |    27 |    18 ||    45
Dodge: Dodged            |    27 |       ||    27
Block: Buckler           |    17 |     1 ||    18
